 Dungeon Crawl Stone Soup version 0.20.1-1-g8b1a95d (webtiles) character file.

101 Mesmaeker13 the Ducker (level 4, -8/36 HPs)
             Began as a Draconian Skald on Aug 25, 2017.
             Mangled by Crazy Yiuf
             ... wielding a +4 quarterstaff of chaos
              (9 damage)
             ... on level 2 of the Dungeon.
             The game lasted 00:03:48 (2372 turns).

Mesmaeker13 the Ducker (Draconian Skald)            Turns: 2372, Time: 00:03:49

Health: -8/36      AC:  5    Str: 13    XL:     4   Next: 48%
Magic:  4/8        EV: 13    Int: 15    God:
Gold:   60         SH:  0    Dex: 10    Spells: 6/9 levels left

rFire    . . .     SeeInvis .   a - +0 falchion
rCold    . . .     Gourm    .   (no shield)
rNeg     . . .     Faith    .   (armour unavailable)
rPois    .         Spirit   .   (helmet restricted)
rElec    .         Reflect  .   (no cloak)
rCorr    .         Harm     .   (no gloves)
MR       .....                  (no boots)
Stlth    +.........             (no amulet)
Regen    0.2/turn               (no ring)
MPRegen  0.2/turn               (no ring)

@: infused, hasted, very quick
A: unfitting armour, cold-blooded, AC +5
a: no special abilities


You were on level 2 of the Dungeon.
You were hungry.

You visited 1 branch of the dungeon, and saw 2 of its levels.

You collected 60 gold pieces.

Inventory:

Hand Weapons
 a - a +0 falchion (weapon)
 i - a +2 spear of freezing
Scrolls
 j - a scroll of fog {unknown}
 m - a scroll of recharging {unknown}
 o - a scroll of magic mapping
 p - a scroll of identify {unknown}
 q - a scroll of teleportation {unknown}
 r - a scroll of noise {unknown}
Potions
 d - a potion of resistance {unknown}
 e - a potion of brilliance {unknown}
 h - a potion of heal wounds {unknown}
 k - a potion of curing {unknown}
 l - a potion of flight {unknown}
Books
 b - a book of Battle

   Spells                             Type                      Level
   a - Infusion                       Charms                       1
   b - Shroud of Golubria             Charms/Translocation         2
   c - Song of Slaying                Charms                       2
   d - Spectral Weapon                Hexes/Charms                 3
   e - Regeneration                   Charms/Necromancy            3
Comestibles
 c - a bread ration
 f - a meat ration
 n - a royal jelly


   Skills:
 - Level 2.1 Fighting
 + Level 2.9 Long Blades
 + Level 3.2 Dodging
 - Level 3.0 Spellcasting
 + Level 2.7 Charms


You had 6 spell levels left.
You knew the following spells:

 Your Spells              Type           Power        Failure   Level  Hunger
a - Infusion              Chrm           ##..         6%          1    #......
b - Shroud of Golubria    Chrm/Tloc      #.........   17%         2    ##.....


Dungeon Overview and Level Annotations

Branches:
Dungeon (2/15)

Altars:

Annotations:
D:2 Crazy Yiuf


Innate Abilities, Weirdness & Mutations

Your plain brown scales are hard. (AC +5)
You cannot fit into any form of body armour.
You are cold-blooded and may be slowed by cold attacks.


Message History

You tail-slap Crazy Yiuf, but do no damage.
Crazy Yiuf is heavily wounded.
You feel yourself speed up. Crazy Yiuf misses you.
You hit Crazy Yiuf.
Crazy Yiuf is severely wounded.
Crazy Yiuf hits you with a quarterstaff of chaos!
You are too injured to fight recklessly!
You are too injured to fight recklessly!
You are too injured to fight recklessly!
You completely miss Crazy Yiuf.
Your tail-slap misses Crazy Yiuf.
Crazy Yiuf is severely wounded.
Crazy Yiuf hits you with a quarterstaff of chaos!
* * * LOW HITPOINT WARNING * * *
Crazy Yiuf burns you.
* * * LOW HITPOINT WARNING * * *
You hit Crazy Yiuf.
Crazy Yiuf is almost dead.
Crazy Yiuf hits you with a quarterstaff of chaos!
You die...

######## ## ##.#.)#)###*####
.#####...PP)#))##)))#
...##....PP####)@g).#
♣♣.##...#### ###)))# ♣♣....###
*#### P♣♣.### P♣♣.#### #♣♣
.......########## #######♣.♣♣♣
P♣♣.............# #.....♣♣P♣.♣♣♣#
P♣♣.............# #.....♣♣...♣...
♣♣..............###.....♣PPP.PP♣.


You could see Crazy Yiuf.

Vanquished Creatures
  Jessica (D:2)
  2 adders (D:2)
  3 worms (D:2)
  2 dart slugs (D:1)
  2 leopard geckos
  5 bats
  4 giant cockroaches
  3 goblins (D:1)
  7 hobgoblins
  7 kobolds
  3 frilled lizards
  4 rats
  A fungus (D:2)
44 creatures vanquished.

Notes
Turn   | Place    | Note
-------+----------+-------------------------------------------
     0 | D:1      | Mesmaeker13 the Draconian Skald began the quest for the Orb.
     0 | D:1      | Reached XP level 1. HP: 17/17 MP: 3/3
   247 | D:1      | Reached XP level 2. HP: 17/24 MP: 5/5
  1143 | D:1      | Reached XP level 3. HP: 21/29 MP: 2/6
  1284 | D:1      | Learned a level 2 spell: Shroud of Golubria
  1301 | D:2      | Noticed Jessica
  1577 | D:2      | Killed Jessica
  1620 | D:2      | Reached XP level 4. HP: 20/36 MP: 0/8
  2357 | D:2      | Found a runed door.
  2361 | D:2      | Noticed Crazy Yiuf
  2371 | D:2      | HP: 1/36 [Crazy Yiuf/quarterstaff of chaos (4)]
  2372 | D:2      | Mangled by Crazy Yiuf

Skill      XL: |  1  2  3  4 |
---------------+-------------+-----
Dodging        | 3 |  3.2
Spellcasting   | 3 |  3.0
Fighting       | |  2.1
Long Blades    | |  2.9
Charms         | |  2.7

Action                   |  1- 3 |  4- 6 || total
-------------------------+-------+-------++-------
Melee: Falchion          |    98 |    97 ||   195
       Tailslap          |    12 |    18 ||    30
 Cast: Infusion          |     7 |     5 ||    12
       Shroud of Golubri |     2 |     3 ||     5
  Use: Scroll            |       |     1 ||     1
  Eat: Chunk             |     3 |     2 ||     5
Armor: Skin              |    25 |     9 ||    34
Dodge: Dodged            |    60 |    37 ||    97
       Rpst.: Falchion   |    18 |    11 ||    29
